 Dungeon Crawl Stone Soup version 0.23-a0-586-gacb4b3f (console) character file.

51 Duffy the Conjurer (level 3, -3/36 HPs)
             Began as a Demonspawn Fire Elementalist on Dec 18, 2018.
             Slain by Natasha (5 damage)
             ... on level 2 of the Dungeon.
             The game lasted 00:01:54 (1713 turns).

Duffy the Conjurer (Demonspawn Fire Elementalist)   Turns: 1713, Time: 00:01:54

Health: -3/36      AC: 21    Str:  6 (8)  XL:     3   Next: 57%
Magic:  6/6        EV:  2    Int: 15 (17) God:
Gold:   32         SH:  0    Dex: 11 (13) Spells: 2/6 levels left

rFire    . . .     SeeInvis .   f - +2 dagger (venom)
rCold    . . .     Gourm    .   (no shield)
rNeg     + + +     Faith    .   (armour currently unavailable)
rPois    +         Spirit   .   (helmet currently unavailable)
rElec    .         Reflect  .   (cloak currently unavailable)
rCorr    .         Harm     .   (gloves currently unavailable)
MR       .....     NoTele   +   (boots currently unavailable)
Stlth    +++.......             (no amulet)
HPRegen  0.12/turn              (no ring)
MPRegen  0.10/turn              (no ring)

@: tree-form, very slightly contaminated, drained
A: nightstalker 1
a: no special abilities


You were on level 2 of the Dungeon.
You were not hungry.
You were a tree.
You visited 1 branch of the dungeon, and saw 2 of its levels.

You collected 32 gold pieces.

Inventory:

Hand Weapons
 f - a +2 dagger of venom (weapon)
 h - a +2 short sword of draining
Armour
 a - a +0 robe (melded)
 g - a +0 pair of boots (melded)
Scrolls
 b - 3 scrolls of remove curse {unknown}
 d - 4 scrolls of identify {unknown}
Potions
 i - a potion of flight {unknown}
 k - 3 potions of degeneration
 l - a potion of mutation {unknown}
Comestibles
 c - 2 rations


   Skills:
 - Level 1.7(1.6) Dodging
 - Level 1.7(1.6) Stealth
 + Level 2.3(2.1) Spellcasting
 + Level 3.0(2.9) Conjurations
 + Level 2.9(2.8) Fire Magic


You had 2 spell levels left.
You knew the following spells:

 Your Spells              Type           Power        Failure   Level  Hunger
h - Flame Tongue          Conj/Fire      ##...        7%          1    #......
l - Conjure Flame         Conj/Fire      ##......     21%         3    ###....

Your spell library contained the following spells:

 Spells                   Type           Power        Failure   Level  Hunger
 Throw Flame              Conj/Fire      ##....       10%         2    ###....
 Inner Flame              Hex/Fire       #.......     36%         3    ###....
 Sticky Flame             Conj/Fire      ##......     54%         4    #####..
 Fireball                 Conj/Fire      ##........   88%         5    ######.


Dungeon Overview and Level Annotations

Branches:
Dungeon (2/15)

Altars:

Annotations:
D:2 Natasha


Innate Abilities, Weirdness & Mutations

You are slightly more attuned to the shadows.


Message History

You hit the goblin.
The goblin is poisoned.
The goblin is heavily wounded.
You kill the goblin!
You barely miss the kobold. The kobold hits you but does no damage.
The crimson imp blinks!
You closely miss the kobold. The kobold hits you but does no damage.
Natasha extends her claws.
You hit the kobold.
The kobold is heavily wounded.
The kobold hits you but does no damage.
You hit the kobold but do no damage.
The kobold is poisoned.
The kobold is heavily wounded.
The kobold hits you but does no damage.
You closely miss the kobold.
The kobold is heavily wounded.
You kill the kobold!
Natasha mumbles some strange words.
Natasha shimmers violently.
Natasha claws you.
You die...

..#.....g..# .#.##........
......##..#####...........##
......#...$..............#
......[........# .###...
.........##.##.###.##....
.........%).............
..........##.#>..#.###..
.................#.###. ###
#........#7#...#.>..... ..
#.?......#h###.#...#### .
#........5.....##.#
######..#.#......# #####
##.#.##.....# #..)#
#...#####.)#####.##% ##K.##
#........#(. #...#
#..###..##.. #####
##....)...(.


You could see Natasha and a shadow imp.

Vanquished Creatures
  A worm (D:2)
  2 leopard geckos (D:1)
  5 giant cockroaches
  3 goblins
  7 hobgoblins
  2 jackals (D:1)
  6 kobolds
  A ball python (D:1)
  3 bats (D:1)
  4 frilled lizards
  7 rats
41 creatures vanquished.

Notes
Turn   | Place    | Note
-------+----------+-------------------------------------------
     0 | D:1      | Duffy the Demonspawn Fire Elementalist began the quest for
                  | the Orb.
     0 | D:1      | Reached XP level 1. HP: 13/13 MP: 3/3
   188 | D:1      | Reached skill level 2 in Conjurations
   189 | D:1      | Gained mutation: You are slightly more attuned to the
                  | shadows. [demonic ancestry]
   189 | D:1      | Reached XP level 2. HP: 19/19 MP: 0/5
   762 | D:1      | Reached XP level 3. HP: 24/24 MP: 4/6
   767 | D:1      | Learned a level 3 spell: Conjure Flame
  1427 | D:2      | Reached skill level 3 in Conjurations
  1679 | D:2      | Noticed Natasha
  1680 | D:2      | Found a faded altar of an unknown god.
  1701 | D:2      | HP: 1/24 [Natasha (10)]
  1713 | D:2      | Slain by Natasha

Vault maps used:
D:1:      grunt_arrival_lava_bath, hex_tiny
D:2:      chequers_ecumenical_altar_simple, minmay_pentomino_z4, uniq_natasha

Skill      XL: |  1  2  3 |
---------------+----------+-----
Conjurations   | 2 3 |  3.0
Dodging        | |  1.7
Stealth        | |  1.7
Spellcasting   | |  2.3
Fire Magic     | |  2.9

Action                   || total
-------------------------++-------
Melee: Unarmed           ||     1
       Dagger            ||    38
 Cast: Flame Tongue      ||    49
  Use: Potion            ||     2
 Stab: Sleeping          ||     2
  Eat: Chunk             ||     3
Armor: Robe              ||     6
       Skin              ||     5
Dodge: Dodged            ||    36

Table legend:
 A = Non-vault XP
 B = Vault XP
 C = Vault XP percentage of total XP
 D = Non-vault monster count
 E = Vault monster count
 F = Vault count percentage of total count
                 A         B        C        D         E       F
            +---------+---------+-------+---------+---------+-------
      Total |      63 |      10 |  13.7 |      37 |       4 |   9.8
            +---------+---------+-------+---------+---------+-------
        D:1 |      45 |       0 |   0.0 |      27 |       0 |   0.0
        D:2 |      18 |      10 |  35.7 |      10 |       4 |  28.6
            +---------+---------+-------+---------+---------+-------
